woodfighter, neutral female human Healer ---- ---------..--- |.`.`.`......--- |.......|......| ---------|`f...`| |_..^^^^<|.@j`..| |(.--------.----- --.......|.....| |..|..>....u..| ---|....|.....| ------------ woodfighter the Embalmer Experience level: 7 Strength: 10 Dexterity: 12 Constitution: 16 Intelligence: 11 Wisdom: 14 Charisma: 16 Health: 0(54) Energy: 60(60) Def: 3 Gold: 0 Moves: 4501 Dungeon seed: Ko4AzNoJM59EZN_O Game ID: woodfighter_1509912447 Your Inventory: Weapons a - a blessed +5 spear named Spear of Omen z - 6 +0 darts X - 10 cursed +1 darts (in quiver) Armor e - a blessed +1 pair of leather gloves (being worn) n - an uncursed +0 pair of kicking boots (being worn) q - an uncursed +0 mummy wrapping (being worn) Comestibles d - an uncursed sprig of wolfsbane l - 7 blessed eucalyptus leaves m - 4 blessed sprigs of wolfsbane B - 2 uncursed tripe rations M - an uncursed food ration O - an uncursed fortune cookie S - an uncursed cram ration V - an uncursed magic bean Z - an uncursed clove of garlic Rings P - an uncursed +2 ring of increase accuracy Wands h - a blessed wand of sleep (0:4) T - a wand of lightning (0:7) Tools b - an uncursed stethoscope s - an uncursed sack y - a cursed lock pick Spells and supernatural/magical abilities: Name Level Category Fail Memory h - healing 1 healing 6% 78% x - extra healing 3 healing 24% 78% S - stone to flesh 3 healing 40% 78% W - pray for help -- divine ? -- Your skills at the end: Miscellaneous Skills wands [Basic] Weapon Skills knife [Basic] spear [Basic] Spellcasting Skills healing spells [Basic] Final Attributes: You were devoutly aligned. You were poison resistant. Your writing hand was ok. You were telepathic. You were very stealthy. You were lucky. You are dead. Vanquished creatures: a tengu a human mummy 2 wolves a lynx 3 leprechauns a dingo a jaguar a dust vortex a snake 2 apes 3 soldier ants a quasit 3 Uruk-hai a rock mole a rock piercer a violet fungus a ghoul 2 floating eyes a kitten a homunculus an iguana 2 hill orcs 2 rothes a jitterbug a giant bat an orc zombie a wererat a large kobold 3 geckos a hobgoblin a cave spider a red mold 5 garter snakes 2 gnome zombies 5 jackals a fox 7 newts 2 goblins 8 grid bugs 2 lichens a kobold zombie 78 creatures vanquished. Voluntary challenges: You were not invisible. You did not have reflection. You were not displaced. You used a wielded weapon 119 times, starting on turn 24. You did not apply a unicorn horn. You did not use plumbed fixtures. You did not drink any magical draughts. You read items or engraved 2 times, starting on turn 3394. You never genocided any monsters. You never polymorphed an object. You never changed form. You used no wishes. You never split a pudding. You never wrote Elbereth's name. You violated your moral code, losing 1 point of alignment, starting on turn 1873. Dungeon overview: The Dungeons of Doom: levels 1 to 10 Level 1 (box) a sink a long staircase Level 2 a general store, some fountains stairs to The Gnomish Mines Level 3 a sink Level 4 Level 5 (vault) a fountain Level 6 (vault + stash) a scroll shop, some fountains Level 7 (vault) Level 8 many fountains Level 9 stairs to Sokoban Level 10 The Gnomish Mines: Level 3 stairs to The Dungeons of Doom Sokoban: Level 8 <- You were here an altar to Athena, a magic chest stairs to The Dungeons of Doom History has recorded: On T:1 you entered the Dungeons of Doom to retrieve the Amulet of Yendor! On T:29 you reached level 2 of The Dungeons of Doom. On T:369 you reached level 3 of The Dungeons of Doom. On T:661 you reached level 1 of The Gnomish Mines. On T:818 you reached level 4 of The Dungeons of Doom. On T:822 you advanced to experience level 2. On T:1544 you reached level 5 of The Dungeons of Doom. On T:1714 you prayed to Hermes. On T:1740 you advanced to experience level 3. On T:1749 you reached level 6 of The Dungeons of Doom. On T:1879 you advanced to experience level 4. On T:2093 you reached level 7 of The Dungeons of Doom. On T:2275 you advanced to experience level 5. On T:2331 you reached level 8 of The Dungeons of Doom. On T:2918 you advanced to experience level 6. On T:3182 you reached level 9 of The Dungeons of Doom. On T:3207 you reached level 10 of The Dungeons of Doom. On T:3284 you reached level 4 of Sokoban. On T:3392 you opened a magic chest. On T:4126 you advanced to experience level 7. On T:4187 you prayed to Hermes. Score breakdown: Gold: 0 ( 0 points) Experience: 7 levels ( 600 points) Exploration: 10 levels ( 270 points) Discoveries: 10 items ( 500 points) Variety of kills: 41 monsters ( 2000 points) Major goal: (nothing yet) ( 0 points) Survival: died (score multiplied by 3) Total score: 10110 Latest messages: You punch the spotted jelly. The spotted jelly is moderately damaged. You punch the spotted jelly. The spotted jelly is moderately damaged. You punch the spotted jelly. The spotted jelly is moderately damaged. You punch the spotted jelly. The spotted jelly is moderately damaged. Status of the spotted jelly (neutral): Level 5 HP 19(30) Def 2. You punch the spotted jelly. The spotted jelly is moderately damaged. Status of the spotted jelly (neutral): Level 5 HP 18(30) Def 2. You punch the spotted jelly. The spotted jelly is moderately damaged. You punch the spotted jelly. The spotted jelly is moderately damaged. You are splashed by the spotted jelly's acid! You punch the spotted jelly. The spotted jelly is moderately damaged. You are splashed by the spotted jelly's acid! You die... The sack is empty. The sack is empty. Final status: Goodbye woodfighter the Healer, killed by a spotted jelly... You died in Sokoban on dungeon level 8 with 10110 points, and 0 pieces of gold, after 4501 moves. You were level 7 with a maximum of 54 hit points when you died.